 Dungeon Crawl Stone Soup version 0.25-a0-890-g62861fb195 (webtiles) character file.

Game seed: 9342939836645424176, levelgen mode: deterministic

73180 grindst0ne the Severer (level 15, -6/96 HPs)
             Began as a Human Fighter on May 2, 2020.
             Was the Champion of the Shining One.
             Killed from afar by a wretched star (15 damage)
             ... with a lance of force
             ... on level 3 of the Abyss.
             The game lasted 00:56:20 (30289 turns).

grindst0ne the Severer (Human Fighter)             Turns: 30289, Time: 00:56:20

Health: -6/96      AC: 15    Str: 15 (17) XL:     15   Next: 89%
Magic:  0/22       EV: 13    Int: 13      God:    the Shining One [******]
Gold:   1733       SH:  0    Dex: 16 (17) Spells: 14/14 levels left

rFire    + . .     SeeInvis .   q - +0 battleaxe
rCold    . . .     Gourm    .   (shield currently unavailable)
rNeg     + + +     Faith    .   n - +0 chain mail {rF+}
rPois    +         Spirit   +   r - +0 helmet
rElec    .         Reflect  .   (no cloak)
rCorr    .         Harm     .   u - +2 pair of gloves
MR       +....                  m - +0 pair of boots
Stlth    ..........             K - amulet of guardian spirit
HPRegen  0.26/turn              e - ring "Vazit" {Wiz rPois Str+4 Dex+3}
MPRegen  0.18/turn              H - +1 ring of protection

@: about to teleport, glowing, studying Shields
A: [deformed body], deterioration 1[+1], [frail 2], [screaming 2], [weak 2]
a: Divine Shield, Cleansing Flame, Summon Divine Warrior, Brand Weapon With Holy
Wrath, Renounce Religion


You were on level 3 of the Abyss.
You worshipped the Shining One.
The Shining One was exalted by your worship.
You were not hungry.

You visited 2 branches of the dungeon, and saw 20 of its levels.
You visited the Abyss 1 time.
You also visited: Gauntlet.

You collected 1733 gold pieces.

Inventory:

Hand Weapons
 q - a +0 battleaxe (weapon)
 D - a +1 dagger of venom
 V - a +1 broad axe of draining
Missiles
 j - 23 boomerangs (quivered)
 L - 6 atropa-tipped darts
 M - 13 silver javelins
Armour
 c - a +0 kite shield
 m - a +0 pair of boots (worn)
 n - a +0 chain mail of fire resistance (worn)
 r - a +0 helmet (worn)
 u - a +2 pair of gloves (worn)
 O - a +1 plate armour of cold resistance
Jewellery
 e - the ring "Vazit" (left hand) {Wiz rPois Str+4 Dex+3}
   (You found it in a Gauntlet)

   [ring of wizardry]

   It improves your spell success rate.
   It affects your strength (+4).
   It affects your dexterity (+3).
   It protects you from poison.
 h - an uncursed amulet of rage
 i - an uncursed ring of fire
 l - an uncursed ring of wizardry
 H - a +1 ring of protection (right hand)
 K - an amulet of guardian spirit (around neck)
Wands
 k - a wand of enslavement (8)
 I - a wand of flame (14)
Scrolls
 s - 5 scrolls of amnesia
 t - 5 scrolls of remove curse
 w - 3 scrolls of fear
 x - 4 scrolls of teleportation
 y - a scroll of magic mapping
 z - 2 scrolls of enchant armour
 A - 4 scrolls of fog
 C - 4 scrolls of enchant weapon
 G - 4 scrolls of silence
 N - 3 scrolls of blinking
Potions
 b - 4 potions of brilliance
 g - 3 potions of mutation
 o - 4 potions of stabbing
 v - a potion of berserk rage
 B - 2 potions of magic
 P - a potion of cancellation
 Q - a potion of flight
 T - a potion of degeneration {unknown}
Books
 E - a manual of Shields
Miscellaneous
 a - a tin of tremorstones
 J - a lightning rod (4/4)
 R - a box of beasts
 S - a phantom mirror
Comestibles
 f - 28 rations


   Skills:
 + Level 11.7 Fighting
 - Level 15.0 Axes
 + Level 11.5 Armour
 + Level 11.1 Dodging
 - Level 4.0 Shields
 + Level 9.9 Invocations
 - Level 6.0 Evocations


You had 14 spell levels left.
You didn't know any spells.
Your spell library contained the following spells:

 Spells                   Type           Power        Failure   Level  Hunger
 Animate Skeleton         Necr           N/A          77%         1    ##.....
 Apportation              Tloc           #.....       77%         1    ##.....
 Corona                   Hex            #......      77%         1    ##.....
 Sandblast                Erth           #.....       77%         1    ##.....
 Shock                    Conj/Air       #...         77%         1    ##.....
 Summon Small Mammal      Summ           #...         77%         1    ##.....
 Ensorcelled Hibernation  Hex/Ice        #.....       87%         2    ###....
 Passwall                 Tmut/Erth      #.......     87%         2    ###....
 Swiftness                Chrm/Air       #.......     87%         2    ###....
 Confusing Touch          Hex            #.......     98%         3    ####...
 Dazzling Flash           Conj/Hex       #.....       98%         3    ####...
 Static Discharge         Conj/Air       #.......     98%         3    ####...
 Stone Arrow              Conj/Erth      #.....       98%         3    ####...
 Tukima's Dance           Hex            #.......     98%         3    ####...
 Airstrike                Air            #.........   100%        4    #####..
 Dispel Undead            Necr           #.......     100%        4    #####..
 Petrify                  Tmut/Erth      #.......     100%        4    #####..
 Lee's Rapid Deconstruct  Erth           #.........   100%        5    ######.
 Lightning Bolt           Conj/Air       #.........   100%        5    ######.
 Conjure Ball Lightning   Conj/Air       #.........   100%        6    #######


Dungeon Overview and Level Annotations

Branches:
Dungeon (14/15)            Temple (0/1) D:7            Lair (6/6) D:8
  Swamp (0/4) Lair:3       Spider (0/4) Lair:3        Slime (0/5) Lair:5
    Orc (0/2) D:9          Vaults (0/5) D:13        Gauntlet (visited)

Altars:
Ashenzari
Elyvilon
Hepliaklqana
Kikubaaqudgha
Makhleb
Okawaru
Qazlal
Ru
Trog
Vehumet
Xom
Yredelemnul
The Shining One

Shops:
D:6 :   D:9 [

Portals:
Abyss: Lair:1

Annotations:
D:14 Rupert
Lair:1 2 transporters, Santreim's ghost, journeyman HOFi
Lair:2 exclusion: downstairs
Lair:6 exclusion: 2 oklob plants


Innate Abilities, Weirdness & Mutations

[Armour fits poorly on your strangely shaped body.]
[Your body often deteriorates upon taking damage.]
[You are very frail. (-20% HP)]
[You sometimes yell uncontrollably at your foes.]
[You are very weak. (Str -4)]


Message History

You hit the wretched star but do no damage.
The wretched star is moderately damaged.
You hit the wretched star. You slash the wretched star!
The wretched star is heavily damaged.
You hit the wretched star but do no damage.
The wretched star glows turbulently.
The lance of force hits you!
* * * LOW HITPOINT WARNING * * *
You are knocked back by the lance of force.
You slam into the rock wall!
* * * LOW HITPOINT WARNING * * *
You barely miss the wretched star.
The wretched star is heavily damaged.
You hit the wretched star but do no damage.
The wretched star pulses with an eldritch light!
You feel the urge to shout.
You feel a strong urge to yell.
The wretched star glows turbulently.
The lance of force hits you!!
You die...

# # ###
.###. .
.### . #
# ..
#####.#
#.@..#
#**.####
...### .
#...# .
. ##.# #
. #. . .
# .. # .
. .


You could see 2 wretched stars.

Vanquished Creatures
  A tentacled starspawn (Abyss:3)
  Nessos (Lair:6)
  A great orb of eyes (D:12)
  Josephine (D:14)
  3 hydras
  5 vault guards (D:13)
  2 catoblepae
  A centaur warrior (D:12)
  5 two-headed ogres
  9 death yaks
  A tengu warrior (D:12)
  A deep troll shaman (Lair:6)
  A large abomination (Abyss:3)
  2 deep elf knights
  A wretched star (Abyss:3)
  5 skeletal warriors
  2 lindwurms (Lair:6)
  2 deep elf magi
  4 ugly things
  3 manticores
  3 cyclopes
  2 centaur zombies
  6 elephants
  2 black mambas
  8 spiny frogs
  A spiny frog (shapeshifter) (D:12)
  3 gargoyles
  2 centaur skeletons (D:14)
  3 rime drakes (Lair:4)
  A torpor snail (Lair:6)
  A yaktaur (D:13)
  A yaktaur (shapeshifter) (Abyss:3)
  3 tengu conjurers
  A komodo dragon (D:11)
  2 trolls
  3 polar bears
  5 hornets
  3 meliai (D:14)
  12 hippogriffs
  A bog body (Lair:3)
  4 slime creatures (D:12)
  6 dream sheep
  5 blink frogs (Lair:6)
  Sigmund (D:6)
  5 wraiths (D:14)
  A redback (Lair:3)
  A tarantella (shapeshifter) (D:13)
  A spriggan (D:7)
  26 yaks
  7 wyverns
  5 basilisks
  2 small abominations (Abyss:3)
  A neqoxec (Gauntlet)
  2 chaos spawn (Gauntlet)
  3 hungry ghosts
  A steam dragon (D:13)
  9 vampire mosquitoes
  Menkaure (D:7)
  An acid dragon (D:13)
  11 water moccasins
  A hornet zombie (D:11)
  11 porcupines
  5 sky beasts
  4 ice beasts
  4 black bears
  3 orc warriors
  5 phantoms
  A necrophage (D:13)
  14 wolves
  An eye of draining (D:5)
  5 ogres
  8 centaurs
  11 crocodiles
  20 bullfrogs
  2 gnoll sergeants
  5 scorpions
  6 killer bees
  6 wights
  An electric eel (Lair:3)
  4 howler monkeys
  10 crimson imps
  A bullfrog zombie (D:12)
  A quasit (Abyss:3)
  8 hounds
  3 jellies
  12 orc wizards
  4 orc priests
  A bullfrog skeleton (D:12)
  Terence (D:3)
  5 iguanas
  7 worker ants
  2 hell rats (D:8)
  A hound zombie (D:7)
  A hound skeleton (D:5)
  3 worker ant zombies
  Robin (D:3)
  18 gnolls
  A howler monkey skeleton (D:9)
  9 adders
  A river rat (D:8)
  4 shadow imps
  An ooze (D:4)
  2 adder skeletons
  4 dart slugs
  4 worms
  5 leopard geckos
  61 orcs
  4 giant cockroaches
  15 goblins
  16 hobgoblins
  24 jackals
  4 quokkas
  A ball python (D:1)
  7 bats
  4 frilled lizards
  A jackal skeleton (D:7)
  8 kobolds
  A leopard gecko skeleton (D:4)
  A quokka skeleton (D:8)
  2 quokka zombies
  10 rats
  A fungus (Lair:4)
  6 plants
  A starspawn tentacle (Abyss:3)
601 creatures vanquished.

Vanquished Creatures (collateral kills)
  A dire elephant (Gauntlet)
  A minotaur (Gauntlet)
  A hydra (Lair:6)
  An elephant (Gauntlet)
4 creatures vanquished.

Vanquished Creatures (others)
  An orc (D:10)
  10 demonic plants (Gauntlet)
  2 fungi (Lair:4)
  4 plants
  2 starspawn tentacles (Abyss:3)
19 creatures vanquished.

Grand Total: 624 creatures vanquished

Notes
Turn   | Place    | Note
-------+----------+-------------------------------------------
     0 | D:1      | grindst0ne the Human Fighter began the quest for the Orb.
     0 | D:1      | Reached XP level 1. HP: 18/18 MP: 1/1
   153 | D:1      | Reached XP level 2. HP: 24/24 MP: 2/2
   418 | D:1      | Reached XP level 3. HP: 29/29 MP: 3/3
  1072 | D:2      | Reached XP level 4. HP: 4/36 MP: 4/4
  1792 | D:2      | Reached skill level 3 in Axes
  2230 | D:3      | Reached XP level 5. HP: 42/42 MP: 5/5
  2269 | D:3      | Noticed Robin
  2289 | D:3      | Killed Robin
  2424 | D:3      | Found a shattered altar of Ashenzari.
  2425 | D:3      | Found a burning altar of Makhleb.
  2427 | D:3      | Found a radiant altar of Vehumet.
  2429 | D:3      | Found a sacrificial altar of Ru.
  2429 | D:3      | Found a basalt altar of Yredelemnul.
  2434 | D:3      | Found a bloodstained altar of Trog.
  2446 | D:3      | Reached skill level 4 in Axes
  2451 | D:3      | Reached XP level 6. HP: 34/48 MP: 6/6
  2647 | D:3      | Noticed Terence
  2653 | D:3      | Killed Terence
  2670 | D:3      | Reached skill level 5 in Axes
  3026 | D:4      | Reached XP level 7. HP: 54/54 MP: 7/7
  3103 | D:4      | Reached skill level 6 in Axes
  3348 | D:4      | Reached skill level 7 in Axes
  4059 | D:5      | Entered Level 5 of the Dungeon
  4113 | D:5      | Reached XP level 8. HP: 60/60 MP: 8/8
  4217 | D:5      | Reached skill level 8 in Axes
  4759 | D:5      | Found a bloodstained altar of Trog.
  4900 | D:5      | Reached skill level 9 in Axes
  5329 | D:6      | Found Gougyott's Book Boutique.
  5486 | D:6      | Reached XP level 9. HP: 42/65 MP: 9/9
  5493 | D:6      | Reached skill level 10 in Axes
  6054 | D:6      | Noticed Sigmund
  6079 | D:6      | Killed Sigmund
  6079 | D:6      | Reached skill level 11 in Axes
  6500 | D:6      | Found an iron altar of Okawaru.
  6504 | D:6      | Found a white marble altar of Elyvilon.
  6505 | D:6      | Found a glowing golden altar of the Shining One.
  6505 | D:6      | Found a stormy altar of Qazlal.
  6507 | D:6      | Found a hazy altar of Hepliaklqana.
  6516 | D:6      | Became a worshipper of the Shining One
  6840 | D:7      | Found an ancient bone altar of Kikubaaqudgha.
  7262 | D:7      | Found a staircase to the Ecumenical Temple.
  7341 | D:7      | Reached skill level 12 in Axes
  7474 | D:7      | Reached XP level 10. HP: 71/71 MP: 10/10
  7513 | D:7      | Reached * piety under the Shining One
  7812 | D:7      | Noticed Menkaure
  7818 | D:7      | Killed Menkaure
  7847 | D:7      | Reached skill level 13 in Axes
  7914 | D:7      | Found a shimmering altar of Xom.
  8252 | D:8      | Found a hazy altar of Hepliaklqana.
  8329 | D:8      | Found a staircase to the Lair.
  8329 | D:8      | Noticed a death yak
  8331 | D:8      | Noticed a death yak
  8331 | D:8      | Noticed a death yak
  8336 | D:8      | Killed a death yak
  8344 | D:8      | Killed a death yak
  8344 | D:8      | Reached skill level 14 in Axes
  8346 | D:8      | Killed a death yak
  8346 | D:8      | Reached XP level 11. HP: 31/77 MP: 11/11
  9354 | D:8      | Reached ** piety under the Shining One
  9551 | D:9      | Reached skill level 1 in Dodging
  9551 | D:9      | Reached skill level 1 in Evocations
  9919 | D:9      | Found a staircase to the Orcish Mines.
 10046 | D:9      | Reached skill level 15 in Axes
 10149 | D:9      | Noticed a two-headed ogre
 10161 | D:9      | Killed a two-headed ogre
 10197 | D:9      | Found Ymyogos's Antique Armour Shop.
 10291 | D:10     | Entered Level 10 of the Dungeon
 10332 | D:10     | Noticed a two-headed ogre
 10376 | D:9      | Reached skill level 5 in Fighting
 10635 | D:10     | Killed a two-headed ogre
 11092 | D:10     | Noticed a two-headed ogre
 11098 | D:10     | Killed a two-headed ogre
 11098 | D:10     | Reached skill level 5 in Armour
 11494 | D:11     | Reached XP level 12. HP: 68/87 MP: 14/14
 12004 | D:11     | Noticed a two-headed ogre
 12019 | D:11     | Killed a two-headed ogre
 12145 | D:11     | Noticed a skeletal warrior
 12145 | D:11     | Noticed a skeletal warrior
 12145 | D:11     | Reached *** piety under the Shining One
 12315 | D:10     | Killed a skeletal warrior
 12410 | Lair:1   | Entered Level 1 of the Lair of Beasts
 12437 | Lair:1   | Reached skill level 5 in Evocations
 12725 | Lair:1   | Noticed Santreim's ghost (journeyman HOFi)
 12729 | Lair:1   | Found a transporter.
 12736 | Lair:1   | Identified the +11 trident "Mucuhaoh" {distort, rPois}
 12736 | Lair:1   | Noticed a spriggan rider
 12762 | Lair:1   | Reached skill level 5 in Dodging
 13060 | Lair:1   | Found a transporter.
 13106 | Lair:1   | Found a one-way gate to the infinite horrors of the Abyss.
 13106 | Lair:1   | Noticed a sixfirhy
 14719 | Lair:3   | Found a hole to the Spider Nest.
 14735 | Lair:3   | Found a staircase to the Swamp.
 14739 | Lair:3   | Noticed a death yak
 14739 | Lair:3   | Noticed a death yak
 14740 | Lair:3   | Noticed a death yak
 14763 | Lair:3   | Killed a death yak
 15005 | Lair:3   | You fall into a shaft and drop 1 floor!
 15271 | Lair:4   | Reached XP level 13. HP: 48/98 MP: 17/17
 15691 | Lair:4   | Reached skill level 1 in Invocations
 17450 | Lair:3   | The Shining One protects you from harm!
 18290 | Lair:5   | Noticed a seven-headed hydra
 18297 | Lair:5   | Killed a seven-headed hydra
 18440 | Lair:5   | Found a staircase to the Slime Pits.
 18757 | Lair:6   | Entered Level 6 of the Lair of Beasts
 18765 | Lair:6   | Reached **** piety under the Shining One
 19227 | Lair:6   | Noticed a six-headed hydra
 19235 | Lair:6   | Killed a six-headed hydra
 19251 | Lair:6   | Reached skill level 5 in Invocations
 19705 | Lair:6   | Reached XP level 14. HP: 66/108 MP: 18/18
 21152 | Lair:6   | Reached skill level 10 in Fighting
 21234 | Lair:6   | Noticed Nessos
 21255 | Lair:6   | Killed Nessos
 21708 | D:11     | HP: 3/110 [skeletal warrior/+0 dire flail[a skeletal
                  | warrior] (16)]
 21711 | D:11     | The Shining One protects you from harm!
 22174 | D:11     | Reached skill level 10 in Armour
 22964 | D:11     | Identified the Almanac of Evil Air
 23148 | D:12     | Reached ***** piety under the Shining One
 23572 | D:12     | Found a gate leading to a gauntlet.
 23581 | Gauntlet | Entered a Gauntlet
 23581 | Gauntlet | Found a transporter.
 23816 | Gauntlet | Found a transporter.
 23816 | Gauntlet | Found a transporter.
 23818 | Gauntlet | Found a transporter.
 23829 | Gauntlet | Found a transporter.
 23845 | Gauntlet | Found a transporter.
 23853 | Gauntlet | Found a transporter.
 23873 | Gauntlet | Found a transporter.
 23873 | Gauntlet | Noticed a dire elephant
 23887 | Gauntlet | Found a transporter.
 23905 | Gauntlet | Found a transporter.
 23917 | Gauntlet | Found a transporter.
 23929 | Gauntlet | Found a transporter.
 23941 | Gauntlet | Found a transporter.
 23958 | Gauntlet | Found a transporter.
 23976 | Gauntlet | Found a transporter.
 23978 | Gauntlet | Found a transporter.
 24007 | Gauntlet | Found a transporter.
 24009 | Gauntlet | Found a transporter.
 24039 | Gauntlet | Gained mutation: [Your body sometimes deteriorates upon
                  | taking damage.] [a neqoxec]
 24250 | Gauntlet | Killed a dire elephant
 24271 | Gauntlet | Got a coiled pewter ring
 24272 | Gauntlet | Identified the ring "Vazit" {Wiz rPois Str+4 Dex+3} (You
                  | found it in a Gauntlet)
 24287 | Gauntlet | Noticed a minotaur
 24297 | Gauntlet | Killed a minotaur
 24842 | D:12     | Reached skill level 10 in Dodging
 24862 | D:12     | Reached XP level 15. HP: 94/117 MP: 15/21
 28489 | D:13     | Found a gate to the Vaults.
 28974 | D:14     | Noticed Josephine
 28989 | D:14     | Killed Josephine
 29085 | D:14     | Reached ****** piety under the Shining One
 30024 | D:14     | Noticed Rupert
 30035 | D:14     | Cast into level 3 of the Abyss (Rupert)
 30148 | Abyss:3  | Noticed a tentacled starspawn
 30156 | Abyss:3  | HP: 3/96 [tentacled starspawn (25)]
 30156 | Abyss:3  | The Shining One protects you from harm!
 30159 | Abyss:3  | Killed a tentacled starspawn
 30289 | Abyss:3  | Killed from afar by a wretched star

Levels and vault maps discovered:
D:1:      nicolae_arrival_washed_ashore, layout_basic, minmay_ruptured
D:2:      layout_basic
D:3:      layout_basic, grunt_temple_overflow_open, uniq_terence, uniq_robin
D:4:      layout_basic, serial_rivers, chequers_serial_rivers_small_3,
          chequers_serial_rivers_micro_c, chequers_serial_rivers_large_a,
          chequers_serial_rivers_micro_c, chequers_serial_rivers_micro_d,
          first_ration
D:5:      layout_loops_corners, trog_eyes_of_draining
D:6:      cheibrodos_quashed, layout_loops_corners, minitemple, serial_rivers,
          chequers_serial_rivers_micro_d, chequers_serial_rivers_micro_e,
          chequers_serial_rivers_room_a, chequers_serial_rivers_micro_c,
          chequers_serial_rivers_micro_a, serial_shops,
          nicolae_shop_window_shopping, uniq_sigmund
D:7:      layout_basic, overflow_temple_1_default, lemuel_crystal_altar,
          minmay_temple_entry_statues_pillars, the_bakery, minmay_manual_mess,
          uniq_menkaure
D:8:      layout_basic, dpeg_lair_monsters, basic_altar
D:9:      layout_rooms, orc_0_dummy, serial_shops, kennysheep_mini, nrook_uturn,
          kennysheep_generic_room_8
D:10:     layout_loops_ring
D:11:     minmay_weird_star, layout_basic, hangedman_decor_clover_reticule
D:12:     minmay_ambush_box, layout_basic, gauntlet_entry_generic
D:13:     layout_cave_pools, grunt_vaults_entry_fortified, serial_rivers,
          chequers_serial_rivers_room_a, chequers_serial_rivers_micro_a,
          chequers_serial_rivers_micro_b, chequers_serial_rivers_small_3,
          chequers_serial_rivers_micro_d, chequers_serial_rivers_micro_b,
          st_stairs_13
D:14:     layout_loops_corners, ebering_dispersal_statue_hall, eino_jars,
          uniq_josephine, uniq_rupert
Lair:1:   layout_roguey, gammafunk_ghost_abyssal_escape
Lair:2:   layout_gridlike
Lair:3:   layout_concentric_octagons, skrybe_swamp_entry_bodies,
          spider_nest_entry_rubble, serial_rivers,
          chequers_serial_rivers_micro_e, chequers_serial_rivers_micro_d,
          chequers_serial_rivers_micro_a, chequers_serial_rivers_micro_d,
          chequers_serial_rivers_small_a, chequers_serial_rivers_micro_d,
          infiniplex_staircase_pool
Lair:4:   layout_misc_corridors, special_room [special_room_mythical_zoo],
          grunt_megastairs_5
Lair:5:   layout_hall_layers, dpeg_slime_entry_corner,
          chequers_serial_rivers_micro_e
Lair:6:   grunt_lair_end_beastmaster, layout_cave_shapes,
          nicolae_volcano_entry_vermiform, minmay_lair_oklob_chamber,
          serial_bayou_shore_b, serial_bayou_shore_b, uniq_nessos
Abyss:3:  base:
D:1

Skill      XL: |  1  2  3  4  5  6  7  8  9 10 11 12 13 14 15 |
---------------+----------------------------------------------+-----
Axes           | 3 4 5 7 9 12 14 15 | 15.0
Shields        | 4 |  4.0
Fighting       | 4 5 7 9 10 11 | 11.7
Dodging        | 3 6 8 10 11 | 11.1
Evocations     | 3 6 |  6.0
Armour         | 5 7 9 10 11 | 11.5
Invocations    | 5 8 9 |  9.9

Action                   |  1- 3 |  4- 6 |  7- 9 | 10-12 | 13-15 || total
-------------------------+-------+-------+-------+-------+-------++-------
Melee: War axe           |    95 |   179 |     9 |       |       ||   283
       Short sword       |       |       |   288 |       |       ||   288
       Battleaxe         |       |       |   242 |   558 |  1124 ||  1924
Throw: Throwing net      |       |       |       |     3 |       ||     3
       Boomerang         |       |       |       |     2 |       ||     2
Invok: Divine Shield     |       |       |       |       |     1 ||     1
Evoke: Wand              |       |       |       |    28 |    24 ||    52
       Lightning rod     |       |       |       |       |     6 ||     6
       Box of beasts     |       |       |       |       |     1 ||     1
       Phantom mirror    |       |       |       |       |     1 ||     1
  Use: Potion            |     1 |       |       |     4 |    19 ||    24
       Scroll            |       |     3 |     2 |    11 |    16 ||    32
  Eat: Chunk             |     1 |     6 |    14 |    18 |    35 ||    74
       Ration            |       |       |     1 |     2 |     5 ||     8
Armor: Scale mail        |    19 |       |       |       |       ||    19
       Ring mail         |    47 |    85 |   225 |   163 |    97 ||   617
       Plate armour      |       |       |       |    90 |   133 ||   223
       Chain mail        |       |       |       |       |   337 ||   337
       Skin              |       |       |       |       |     4 ||     4
Dodge: Dodged            |    55 |    64 |   159 |   263 |   731 ||  1272
Block: Kite shield       |    65 |    95 |   100 |       |       ||   260
       Other             |       |       |       |       |     2 ||     2

Table legend:
 A = Non-vault XP
 B = Vault XP
 C = Vault XP percentage of total XP
 D = Non-vault monster count
 E = Vault monster count
 F = Vault count percentage of total count
                 A         B        C        D         E       F
            +---------+---------+-------+---------+---------+-------
      Total |   64074 |   40470 |  38.7 |     476 |     122 |  20.4
            +---------+---------+-------+---------+---------+-------
        D:1 |      43 |       2 |   4.4 |      25 |       2 |   7.4
        D:2 |      75 |       0 |   0.0 |      27 |       0 |   0.0
        D:3 |     278 |      72 |  20.6 |      28 |      13 |  31.7
        D:4 |     452 |       0 |   0.0 |      27 |       0 |   0.0
        D:5 |     573 |     124 |  17.8 |      26 |       3 |  10.3
        D:6 |    1248 |     223 |  15.2 |      23 |       1 |   4.2
        D:7 |    1335 |     690 |  34.1 |      31 |       7 |  18.4
        D:8 |     698 |    2907 |  80.6 |      20 |      11 |  35.5
        D:9 |    3227 |       0 |   0.0 |      27 |       0 |   0.0
       D:10 |    3405 |       0 |   0.0 |      17 |       0 |   0.0
       D:11 |    7582 |    1790 |  19.1 |      37 |       5 |  11.9
       D:12 |    8060 |    2558 |  24.1 |      46 |       4 |   8.0
       D:13 |    5488 |    7299 |  57.1 |      23 |      10 |  30.3
       D:14 |    4705 |    3128 |  39.9 |      19 |      11 |  36.7
     Lair:1 |    1544 |       0 |   0.0 |       8 |       0 |   0.0
     Lair:2 |    1356 |       0 |   0.0 |      11 |       0 |   0.0
     Lair:3 |    5516 |     481 |   8.0 |      20 |       2 |   9.1
     Lair:4 |    4125 |    4529 |  52.3 |      21 |      18 |  46.2
     Lair:5 |    3111 |       0 |   0.0 |      10 |       0 |   0.0
     Lair:6 |    6672 |   12089 |  64.4 |      23 |      24 |  51.1
    Abyss:3 |    4581 |       0 |   0.0 |       7 |       0 |   0.0
   Gauntlet |       0 |    4578 | 100.0 |       0 |      11 | 100.0
            +---------+---------+-------+---------+---------+-------
